 Dungeon Crawl Stone Soup version 0.26.1-11-gd32895ea62 (webtiles) character file.

Game seed: 2900309518813756071

1112 Zeld the Digger (level 8, -9/48 HPs)
             Began as a Gargoyle Earth Elementalist on June 11, 2021.
             Killed by divine providence
             ... invoked by an orc priest
              (14 damage)
             ... on level 4 of the Dungeon.
             The game lasted 00:05:04 (5546 turns).

Zeld the Digger (Gargoyle Earth Elementalist)       Turns: 5546, Time: 00:05:05

Health: -9/48      AC:  7    Str: 13    XL:     8   Next: 33%
Magic:  1/13       EV: 13    Int: 17    God:
Gold:   117        SH:  0    Dex: 10    Spells: 4/14 levels left

rFire    . . .     SeeInvis .   a - +1 quarterstaff (speed)
rCold    . . .     Faith    .   (shield currently unavailable)
rNeg     + . .     Spirit   .   c - +0 robe
rPois    ∞         Reflect  .   (no helmet)
rElec    +         Harm     .   (no cloak)
rCorr    .         Rampage  .   (no gloves)
Will     .....                  (no boots)
Stlth    +++.......             (no amulet)
HPRegen  0.16/turn              (no ring)
MPRegen  0.13/turn              (no ring)

@: very slightly contaminated
A: negative energy resistance 1, electricity resistance, unbreathing,
petrification resistance, miasma immunity, AC +5
a: no special abilities


You were on level 4 of the Dungeon.
You visited 1 branch of the dungeon, and saw 4 of its levels.

You collected 117 gold pieces.

Inventory:

Hand Weapons
 a - a +1 quarterstaff of speed (weapon)
Missiles
 b - 6 stones (quivered)
Armour
 c - a +0 robe (worn)
Jewellery
 o - an uncursed ring of ice {unknown}
Scrolls
 d - 3 scrolls of teleportation {unknown}
 g - a scroll of amnesia {unknown}
 m - a scroll of immolation {unknown}
 p - a scroll of enchant weapon {unknown}
 r - a scroll of fog {unknown}
 s - a scroll of remove curse {unknown}
 t - 4 scrolls of identify {unknown}
Potions
 e - a potion of cancellation {unknown}
 f - 3 potions of degeneration {unknown}
 h - 2 potions of lignification {unknown}
 i - a potion of might {unknown}
 j - 3 potions of heal wounds {unknown}
 k - a potion of flight {unknown}
 l - 2 potions of mutation {unknown}
 n - 2 potions of curing {unknown}
 q - a potion of invisibility


   Skills:
 + Level 4.1 Fighting
 + Level 3.5 Dodging
 - Level 5.0 Stealth
 + Level 3.8 Spellcasting
 - Level 1.0 Transmutations
 * Level 7.6 Earth Magic


You had 4 spell levels left.
You knew the following spells:

 Your Spells              Type           Power        Failure   Level
a - Sandblast             Erth           58%          1%          1
b - Passwall              Tmut/Erth      14%          4%          2
c - Stone Arrow           Conj/Erth      32%          10%         3
d - Petrify               Tmut/Erth      17%          26%         4

Your spell library contained the following spells:

 Spells                   Type           Power        Failure   Level
 Confusing Touch          Hex            3%           43%         3
 Gell's Gravitas          Tloc           1%           43%         3
 Lee's Rapid Deconstruct  Erth           14%          21%         5
 Yara's Violent Unravell  Hex/Tmut       2%           98%         5
 Metabolic Englaciation   Hex/Ice        1%           99%         5


Dungeon Overview and Level Annotations

Branches:
Dungeon (4/15)
 Temple: D:4-7

Altars:
Makhleb

Annotations:
D:3 4 transporters, oc3rt's ghost, amateur KoHu


Innate Abilities, Weirdness & Mutations

You are resistant to torment.
Your stone body is resilient. (AC +5)
You are immune to poison.
You resist negative energy. (rN+)
You are resistant to electric shocks. (rElec)
You can survive without breathing.
You are immune to petrification.
You are immune to miasma.


Message History

Confirm with . or Enter, or press ? or * to list all spells.
Aiming: Sandblast (safe; 1% risk of failure)
Press: ? - help, Shift-Dir - straight line, f/p - orc priest
Aim: an orc priest, wielding a +0 trident and wearing a +0 ring mail (heavily wounded, 17% to evade)
The blast of sand misses the orc priest.
b - 7 stones The orc priest mumbles some strange prayers to Beogh against you.
Pain shoots through your body!
* * * LOW HITPOINT WARNING * * *
Casting: Sandblast (safe; 1% risk of failure)
Confirm with . or Enter, or press ? or * to list all spells.
Aiming: Sandblast (safe; 1% risk of failure)
Press: ? - help, Shift-Dir - straight line, f/p - orc priest
Aim: an orc priest, wielding a +0 trident and wearing a +0 ring mail (heavily wounded, 17% to evade)
The blast of sand hits the orc priest.
The orc priest is severely wounded.
b - 6 stones The orc priest invokes the aid of Beogh against you.
Beogh smites you!
You die...

##### ### .#..# ### #.##
....####.###..# #.....##.##...###
####......#.....##
..##.............#
...#.............###
..........##....@).#.
...............†).o....#
.....##....##....##.....# ..
............#............## ...
.......###./..####....##... ##.#.
...##..##......# #.##.....##..#.
..###.####....## ..##....#.....
.......###.....# ..#...........
...............##.##.##....>.†...


You could see an orc priest.

Vanquished Creatures
  Pikel (D:3)
  Grinder (D:4)
  Blork the orc (D:4)
  3 hounds
  An orc priest (D:4)
  A jelly (D:3)
  2 orc wizards (D:3)
  7 adders
  An adder skeleton (D:4)
  5 worms
  4 dart slugs
  5 leopard geckos
  19 orcs
  10 bats
  4 giant cockroaches
  5 hobgoblins
  3 jackals (D:3)
  10 kobolds
  A quokka (D:2)
  2 ball pythons
  6 frilled lizards
  10 goblins
  6 rats
108 creatures vanquished.

Notes
Turn   | Place    | Note
-------+----------+-------------------------------------------
     0 | D:1      | Zeld the Gargoyle Earth Elementalist began the quest for
                  | the Orb.
     0 | D:1      | Reached XP level 1. HP: 10/10 MP: 3/3
   223 | D:1      | Reached skill level 1 in Transmutations
   223 | D:1      | Reached XP level 2. HP: 15/16 MP: 1/5
   277 | D:1      | Learned a level 2 spell: Passwall
   479 | D:1      | Reached skill level 4 in Earth Magic
   700 | D:1      | Reached XP level 3. HP: 20/20 MP: 3/6
   704 | D:1      | Learned a level 3 spell: Stone Arrow
   747 | D:1      | Reached skill level 1 in Fighting
  1740 | D:2      | Reached XP level 4. HP: 24/25 MP: 3/7
  2651 | D:3      | Found a burning altar of Makhleb.
  2658 | D:3      | Reached XP level 5. HP: 24/30 MP: 2/8
  2761 | D:3      | Reached skill level 5 in Earth Magic
  2802 | D:3      | Found a transporter.
  2802 | D:3      | Noticed oc3rt's ghost (amateur KoHu)
  2806 | D:3      | Found a transporter.
  2934 | D:3      | Found a transporter.
  3221 | D:3      | Found a transporter.
  3555 | D:3      | Reached XP level 6. HP: 36/36 MP: 5/10
  3566 | D:3      | Learned a level 4 spell: Petrify
  4728 | D:4      | Noticed Blork the orc
  4769 | D:4      | Noticed Pikel
  4773 | D:4      | Killed Blork the orc
  4774 | D:4      | Reached skill level 6 in Earth Magic
  4774 | D:4      | Reached XP level 7. HP: 33/40 MP: 6/11
  5035 | D:3      | Killed Pikel
  5036 | D:3      | Reached skill level 7 in Earth Magic
  5036 | D:3      | Reached XP level 8. HP: 8/48 MP: 3/13
  5379 | D:4      | Noticed Grinder
  5390 | D:4      | Paralysed by Grinder for 4 turns
  5406 | D:4      | Killed Grinder
  5407 | D:4      | Reached skill level 5 in Stealth
  5546 | D:4      | Killed from afar by an orc priest

Illustrated notes

Levels and vault maps discovered:
D:1:      dpeg_arrival_lava_temple_mockup, layout_basic
D:2:      layout_basic
D:3:      gammafunk_steamed_eel, layout_loops_corners,
          gammafunk_ghost_mausoleum, makhleb_blood_cavern_becter
D:4:      layout_cave_pools, uniq_blork_the_orc, uniq_pikel, uniq_grinder

Skill      XL: |  1  2  3  4  5  6  7  8 |
---------------+-------------------------+-----
Transmutations | 1 |  1.0
Earth Magic    | 4 5 6 7 |  7.6
Fighting       | 1 2 3 4 |  4.1
Dodging        | 2 3 |  3.5
Stealth        | 3 4 5 |  5.0
Spellcasting   | 3 |  3.8

Action                   |  1- 3 |  4- 6 |  7- 9 || total
-------------------------+-------+-------+-------++-------
Melee: Unarmed           |     9 |    15 |       ||    24
       Quarterstaff      |       |       |    10 ||    10
 Cast: Sandblast         |    57 |   105 |    29 ||   191
       Stone Arrow       |       |       |     2 ||     2
Armor: Robe              |    12 |    14 |     5 ||    31
Dodge: Dodged            |    20 |    36 |    14 ||    70
